Match 46201129
Unlisted

Match 46201129
End
Panzergrenadier Squad
Selects Armored Support Battlegroup
Kradschützen Motorcycle Team
250 Light Carrier
Construct Light Support Kompanie
250 Light Carrier
Selects Superior Fire Drills
Combat Half-tracks
MG34 Team
Panzerjäger Mechanized Group
Construct Mechanized Kompanie
Vehicle Survival Package
8 Rad Armored Car
Selects Salvage Kits
Veteran Squad Leaders
Tungsten Core Ammunition
Construct Panzerarmee Kommand
Panzerjäger Mechanized Group
Emergency Repair Kits
Selects Flammpanzer III Medium Tank
Panzer III L Medium Tank
Rapid Advance
Marder III Tank Destroyer
Marder III Tank Destroyer
Selects Command Panzer IV F Medium Tank
Selects Panzer Storm
Panzer III L Medium Tank
Advanced Optics
Support Armor Elements
Armored Reserves
18-tonne Recovery Half-track
254 Reconnaissance Tractor
Panzer Storm
Selects Stuka Anti-tank Loiter
Stuka Anti-tank Loiter
VonManteuffel
Heartless Jäger
Seocheon
CalmDownJustAGame
0
0

Comments sign in to comment!

No comments posted yet!